 Dungeon Crawl Stone Soup version bcrawl-1.20 (webtiles) character file.

Game seed: 10991530602741303527

1735 Mrkan the Grappler (level 8, -1/74 HPs)
             Began as a Troll Monk on Jan 21, 2020.
             Was an Elder of Hepliaklqana.
             Slain by a nine-headed hydra (10 damage)
             ... on level 6 of the Dungeon.
             The game lasted 00:07:40 (5008 turns).

Mrkan the Grappler (Troll Monk)                     Turns: 5008, Time: 00:07:41

Health: -1/74      AC:  7    Str: 22    XL:     8   Next: 76%
Magic:  0/8        EV:  8    Int:  7    God:    Hepliaklqana [****..]
Gold:   310        SH:  8    Dex: 12    Spells: 7/7 levels left

rFire    . . .     SeeInvis .     - Unarmed
rCold    . . .     Gourm    +   t - +0 shield
rNeg     . . .     Faith    .   (armour unavailable)
rPois    .         Spirit   +   a - +0 hat
rElec    .         Reflect  .   (no cloak)
rCorr    .         Harm     .   (gloves unavailable)
MR       .....                  (boots unavailable)
Stlth    ++........             b - amulet of guardian spirit
HPRegen  0.62/turn              (no ring)
MPRegen  0.11/turn              (no ring)

@: no status effects
A: large, almost no armour, unfitting armour, reduced essence, claws 3, fast
metabolism 3, gourmand, regeneration 1, AC +7
a: Recall Ancestor, Ancestor Identity, Transference, Incarnate, Renounce
Religion


You were on level 6 of the Dungeon.
You worshipped Hepliaklqana.
Hepliaklqana was greatly pleased with you.
You were completely stuffed.

You visited 1 branch of the dungeon, and saw 6 of its levels.

You collected 310 gold pieces.

Inventory:

Armour
 a - a +0 hat (worn)
 q - a +0 hat
 t - a +0 shield (worn)
Jewellery
 b - an amulet of guardian spirit (around neck)
 f - an uncursed ring of wizardry {unknown}
 l - an uncursed ring of magical power {unknown}
Wands
 m - a wand of iceblast (4)
Scrolls
 c - 5 scrolls of remove curse {unknown}
 g - 8 scrolls of identify {unknown}
 i - a scroll of immolation {unknown}
 j - a scroll of fear {unknown}
 k - 3 scrolls of magic mapping {unknown}
 r - 2 scrolls of teleportation {unknown}
Potions
 d - a potion of magic {unknown}
 h - 9 potions of curing {unknown}
 n - a potion of haste {unknown}
 o - a potion of degeneration {unknown}
 p - a potion of heal wounds {unknown}
 s - a potion of invisibility {unknown}
Comestibles
 e - 12 rations {!d}


   Skills:
 + Level 6.0 Fighting
 - Level 2.4 Dodging
 - Level 1.1 Stealth
 * Level 1.0 Shields
 - Level 9.5 Unarmed Combat
 - Level 2.0 Invocations


You had 7 spell levels left.
You didn't know any spells.
Your spell library was empty.

Dungeon Overview and Level Annotations

Branches:
Dungeon (6/12)             Temple (0/1) D:5

Altars:
Dithmenos
Hepliaklqana
Makhleb
Ru
Sif Muna
Trog
Wu Jian
Xom
Yredelemnul
Zin
The Shining One

Shops:
D:5 :

Annotations:
D:4 2 transporters


Innate Abilities, Weirdness & Mutations

You cannot wear most types of armour.
Your thick skin is tough. (AC +7)
You are too large for most types of armour.
You have claws for hands.
Your metabolism is lightning-fast.
You like to eat raw meat.
Your natural rate of healing is unusually fast.
Your life essence is reduced to manifest your ancestor. (-10% HP)


Message History

Aim: a seven-headed hydra (heavily wounded)
The mass of ice explodes!
The iceblast engulfs the seven-headed hydra.
The seven-headed hydra is severely wounded.
You claw one of the seven-headed hydra's heads off!
The six-headed hydra grows two more!
You mangle the eight-headed hydra!!
The eight-headed hydra is almost dead.
The eight-headed hydra bites you! x2; The eight-headed hydra bites you.
The eight-headed hydra bites you! The eight-headed hydra bites you. x2
You block the eight-headed hydra's attack.
The eight-headed hydra bites you.
You claw one of the eight-headed hydra's heads off!
The seven-headed hydra grows two more!
You claw the nine-headed hydra!
The nine-headed hydra is almost dead.
The nine-headed hydra bites you!
* * * LOW HITPOINT WARNING * * *
The nine-headed hydra bites you!
* * * LOW HITPOINT WARNING * * *
The nine-headed hydra bites you!
You die...

##### #############...# #######
##### .......#...##...# .......
#.... .......#...##...#
.......####....
.......#...##...##...............
.......#.........................
.######>........@D...............
.................................
..........................#......
...........#..............#......
...............#####......#......
..............................###
..............(..................
.................................
.............. ............#.....


You could see a nine-headed hydra.

Vanquished Creatures
  Sigmund (D:6)
  Edmund (D:6)
  A sky beast (D:4)
  An ogre (D:6)
  A centaur (D:5)
  A crimson imp (D:3)
  A bullfrog zombie (D:6)
  A centaur zombie (D:4)
  A jelly (D:3)
  4 orc priests
  2 hounds
  2 orc wizards
  2 worker ants
  2 hound skeletons
  Robin (D:2)
  3 adders
  3 worms (D:2)
  A dart slug (D:1)
  6 leopard geckos
  11 orcs
  A ball python (D:1)
  A giant cockroach (D:3)
  A goblin (D:1)
  9 hobgoblins
  11 jackals
  4 kobolds
  4 quokkas
  A bat (D:2)
  2 frilled lizards
  6 rats
86 creatures vanquished.

Vanquished Creatures (collateral kills)
  Grinder (D:5)
  A sky beast (D:4)
  A bullfrog (D:6)
  Blork the orc (D:5)
  A bullfrog skeleton (D:4)
  2 orc wizards (D:4)
  2 worker ants
  2 adders (D:4)
  2 shadow imps
  3 worms (D:2)
  A dart slug (D:4)
  2 leopard geckos
  6 orcs
  A hobgoblin (D:3)
  3 jackals (D:3)
  A butterfly (D:5)
30 creatures vanquished.

Vanquished Creatures (others)
  2 battlemagi
  4 plants (D:4)
6 creatures vanquished.

Grand Total: 122 creatures vanquished

Notes
Turn   | Place    | Note
-------+----------+-------------------------------------------
     0 | D:1      | Mrkan the Troll Monk began the quest for the Orb.
     0 | D:1      | Reached XP level 1. HP: 22/22 MP: 1/1
   316 | D:1      | Reached XP level 2. HP: 25/29 MP: 2/2
   867 | D:2      | Reached XP level 3. HP: 31/36 MP: 3/3
  1096 | D:2      | Found a glowing silver altar of Zin.
  1154 | D:2      | Reached skill level 4 in Unarmed Combat
  1174 | D:2      | Gained mutation: Your natural rate of healing is unusually
                  | fast. [Troll growth]
  1174 | D:2      | Reached XP level 4. HP: 25/45 MP: 1/4
  1249 | D:2      | Found a basalt altar of Yredelemnul.
  1249 | D:2      | Found a hazy altar of Hepliaklqana.
  1270 | D:2      | Became a worshipper of Hepliaklqana the Forgotten
  1270 | D:2      | Reached * piety under Hepliaklqana
  1270 | D:2      | Reached ** piety under Hepliaklqana
  1271 | D:2      | Remembered your ancestor Cuetlachtli as a battlemage
  1708 | D:2      | Noticed Robin
  1713 | D:2      | Killed Robin
  1727 | D:2      | Noticed a moth of wrath
  1730 | D:2      | Found a bloodstained altar of Trog.
  1744 | D:2      | Reached skill level 5 in Unarmed Combat
  1744 | D:2      | Reached XP level 5. HP: 43/47 MP: 2/5
  1823 | D:2      | Found a faded altar of an unknown god.
  1857 | D:2      | Found an ornate altar of the Wu Jian Council.
  2153 | D:3      | Found a shimmering altar of Xom.
  2155 | D:3      | Found a shimmering altar of Xom.
  2155 | D:3      | Found a shimmering altar of Xom.
  2155 | D:3      | Found a shimmering altar of Xom.
  2156 | D:3      | Found a shimmering altar of Xom.
  2159 | D:3      | Found a shimmering altar of Xom.
  2159 | D:3      | Found a shimmering altar of Xom.
  2427 | D:3      | Found a glowing golden altar of the Shining One.
  2495 | D:3      | Reached *** piety under Hepliaklqana
  2504 | D:3      | Found a sacrificial altar of Ru.
  2548 | D:3      | Reached XP level 6. HP: 55/55 MP: 6/6
  2565 | D:3      | Reached skill level 6 in Unarmed Combat
  2949 | D:4      | Noticed a sky beast
  2959 | D:4      | Killed a sky beast
  3093 | D:4      | Reached XP level 7. HP: 61/63 MP: 7/7
  3149 | D:4      | Reached skill level 7 in Unarmed Combat
  3255 | D:4      | Identified the cursed +0 halberd of Dim Light {vamp, rElec
                  | rPois Stlth+}
  3267 | D:4      | Found a transporter.
  3329 | D:4      | Identified the ring of Birdsong {rC+ Int+3}
  3351 | D:4      | Found a transporter.
  3817 | D:5      | Entered Level 5 of the Dungeon
  3821 | D:5      | Noticed Grinder
  3823 | D:5      | Paralysed by Grinder for 2 turns
  3829 | D:5      | Killed Grinder
  3829 | D:5      | Reached skill level 5 in Fighting
  3829 | D:5      | Reached skill level 8 in Unarmed Combat
  3915 | D:5      | Found a staircase to the Ecumenical Temple.
  3962 | D:5      | Reached XP level 8. HP: 72/72 MP: 8/8
  4213 | D:5      | Found Quexano's Book Boutique.
  4471 | D:5      | Found a shadowy altar of Dithmenos.
  4523 | D:5      | Noticed Blork the orc
  4538 | D:5      | Killed Blork the orc
  4542 | D:5      | Found a shimmering blue altar of Sif Muna.
  4544 | D:5      | Reached **** piety under Hepliaklqana
  4723 | D:6      | Found a burning altar of Makhleb.
  4814 | D:6      | Reached skill level 9 in Unarmed Combat
  4817 | D:6      | Noticed Sigmund
  4818 | D:6      | Noticed Edmund
  4822 | D:6      | Killed Sigmund
  4826 | D:6      | Killed Edmund
  4958 | D:6      | Reached skill level 1 in Shields
  5000 | D:6      | Noticed a seven-headed hydra
  5008 | D:6      | Slain by a nine-headed hydra

Skill      XL: |  1  2  3  4  5  6  7  8 |
---------------+-------------------------+-----
Unarmed Combat | 4 5 6 8 9 |  9.5
Fighting       | 3 4 5 6 |  6.0
Shields        | 1 |  1.0
Dodging        | |  2.4
Stealth        | |  1.1
Invocations    | |  2.0

Action                   |  1- 3 |  4- 6 |  7- 9 || total
-------------------------+-------+-------+-------++-------
Melee: Unarmed           |    60 |   111 |    67 ||   238
Invok: Ancestor Life: Ba |       |     1 |       ||     1
       Ancestor Identity |       |     1 |       ||     1
Evoke: Wand              |       |       |     3 ||     3
 Stab: Sleeping          |     2 |     6 |     1 ||     9
  Eat: Chunk             |     7 |    18 |    11 ||    36
Armor: Skin              |    13 |    35 |    16 ||    64
Dodge: Dodged            |    17 |    55 |    35 ||   107
Block: Shield            |       |       |     7 ||     7
